Map: [ESL] Oceanborn

Players

Rogue - Winner!

  • Race: Zerg Zerg
  • Spawn Location: 5:00

Cure

  • Race: Terran Terran
  • Spawn Location: 11:00

VOD

Have the link to the VOD?

Description

Time

  • Played on: May 23, 2024, 4:56 a.m.
  • Length: 15:05
Show
View Real Time Build Order
Export as new Build Order

Rogue Zerg - Winner!

Build Orders: Hatch First, Lurkers 

Get SALT Encoding   

  12  0:00  Drone  
  13  0:12  Overlord  
  13  0:16  Drone  
  14  0:30  Drone x2  
  16  0:48  Hatchery  
  15  0:50  Drone  
  15  0:53  Drone  
  15  0:56  Drone  
  18  1:08  Extractor  
  17  1:12  Spawning Pool  
  17  1:15  Drone  
  17  1:18  Drone  
  18  1:28  Drone  
  19  1:38  Drone  
  20  1:49  Drone  
  21  1:59  Queen x2  
  21  2:00  Zergling x4  
  27  2:11  Zergling x2  
  27  2:12  Metabolic Boost  
  28  2:22  Hatchery  
  27  2:26  Overlord  
  27  2:30  Drone  
  32  2:44  Drone x4  
  32  2:46  Queen  
  34  2:51  Overlord  
  34  2:55  Zergling x2  
  34  2:56  Zergling x2  
  36  3:13  Drone x4  
  36  3:14  Zergling x2  
  42  3:22  Hatchery  
  42  3:24  Drone x2  
  42  3:25  Queen  
  44  3:33  Overlord  
  44  3:46  Overlord  
  44  3:52  Queen  
  44  3:53  Drone x3  
  44  3:54  Drone  
  50  3:55  Drone  
  50  3:56  Drone  
  50  3:58  Overlord  
  52  4:06  Drone x2  
  52  4:07  Queen  
  56  4:10  Drone  
  56  4:11  Extractor  
  56  4:14  Drone x3  
  59  4:17  Drone  
  60  4:28  Overlord, Queen  
  60  4:30  Zergling x2  
  63  4:34  Queen  
  63  4:36  Drone x2, Evolution Chamber x2  
  65  4:39  Drone x3  
  65  4:41  Drone  
  69  4:46  Drone x2  
  69  4:52  Drone  
  72  4:55  Queen  
  74  5:00  Zergling x6  
  74  5:01  Spore Crawler  
  74  5:02  Zerg Ground Armor Level 1  
  74  5:03  Overlord  
  74  5:04  Drone x2  
  78  5:09  Spore Crawler  
  78  5:10  Spore Crawler  
  78  5:11  Drone x3  
  78  5:12  Drone  
  80  5:16  Zerg Melee Weapons Level 1  
  80  5:18  Queen  
  82  5:23  Drone x3  
  82  5:25  Overlord  
  85  5:29  Zergling x6  
  85  5:34  Lair  
  88  5:38  Drone x2  
  88  5:41  Overlord x2  
  90  5:45  Drone x2  
  90  5:46  Overlord  
  90  5:47  Drone x3  
  94  5:50  Extractor  
  94  5:51  Extractor  
  94  5:52  Baneling Nest, Drone x2  
  94  5:56  Drone  
  94  5:58  Drone  
  94  6:00  Drone  
  96  6:05  Zergling x2  
  96  6:06  Zergling x6  
  96  6:07  Extractor  
  96  6:09  Overlord  
  96  6:11  Drone  
  100  6:18  Overlord, Burrow  
  100  6:26  Hatchery  
  100  6:28  Zergling x2  
  100  6:29  Zergling x8  
  104  6:36  Baneling x7, Centrifugal Hooks  
  104  6:37  Zergling x10  
  109  6:43  Hatchery  
  109  6:45  Drone x3  
  109  6:46  Drone  
  109  6:47  Drone  
  112  6:50  Baneling x2, Hydralisk Den  
  110  6:56  Zergling x10  
  114  7:02  Overlord  
  114  7:06  Drone x4  
  115  7:08  Drone  
  115  7:12  Zerg Ground Armor Level 2  
  115  7:14  Zerg Melee Weapons Level 2  
  114  7:17  Drone  
  114  7:19  Drone  
  106  7:23  Drone  
  106  7:26  Zergling x4  
  106  7:27  Zergling x8  
  106  7:28  Drone  
  102  7:38  Zergling x2  
  102  7:41  Zergling x12  
  102  7:43  Grooved Spines  
  107  7:48  Baneling x5  
  107  7:49  Zergling x4  
  109  7:51  Overlord  
  109  7:53  Zergling x2  
  109  7:55  Hatchery  
  109  7:56  Zergling x2  
  110  8:03  Zergling x8  
  114  8:10  Baneling  
  114  8:11  Zergling x18  
  123  8:13  Zergling x2  
  123  8:14  Zergling x2  
  123  8:16  Baneling  
  123  8:17  Baneling, Zergling x2  
  123  8:18  Zergling x10  
  127  8:24  Zergling x2  
  127  8:25  Zergling x2  
  127  8:26  Zergling x2  
  122  8:27  Baneling x2  
  122  8:28  Zergling x2  
  118  8:34  Drone x2, Extractor  
  118  8:36  Baneling x4, Hydralisk x3  
  118  8:38  Hydralisk x2  
  129  8:41  Hydralisk x2  
  129  8:43  Hydralisk  
  129  8:45  Overlord  
  135  8:50  Overlord  
  135  8:51  Overlord  
  135  8:52  Hatchery  
  134  8:57  Overlord  
  134  8:59  Overlord  
  134  9:08  Baneling x2  
  134  9:09  Zergling x20  
  143  9:13  Zergling x8  
  143  9:15  Zergling x4  
  149  9:20  Baneling  
  148  9:24  Zergling x8  
  148  9:29  Zerg Missile Weapons Level 1  
  149  9:35  Hatchery  
  147  9:39  Zergling x6  
  147  9:42  Zergling x20  
  148  9:46  Zergling x2  
  148  9:48  Zergling x2  
  148  9:50  Zergling x2  
  144  9:54  Infestation Pit  
  144  9:56  Muscular Augments  
  144  9:57  Drone x7  
  150  10:03  Overlord  
  150  10:06  Hydralisk x4  
  158  10:09  Zergling x2  
  158  10:10  Zergling x2  
  158  10:11  Overseer, Drone x3  
  158  10:12  Drone  
  164  10:16  Zergling x2  
  164  10:17  Zergling x6  
  164  10:19  Overlord  
  168  10:23  Drone x2  
  168  10:26  Baneling  
  168  10:27  Baneling x7, Zergling x6  
  173  10:28  Baneling x3  
  173  10:34  Zergling x10  
  173  10:35  Zergling x2  
  179  10:37  Zergling x6  
  182  10:44  Hive  
  182  10:46  Drone x3, Lurker Den  
  182  10:47  Drone  
  182  10:48  Zergling x2  
  186  10:54  Baneling x6  
  186  11:03  Zergling x2  
  184  11:10  Zergling x2  
  180  11:12  Zergling x2  
  180  11:14  Hydralisk  
  180  11:15  Hydralisk x3  
  180  11:16  Zergling x2  
  185  11:18  Zergling x4  
  185  11:19  Zergling x18  
  185  11:21  Zergling x2  
  185  11:25  Zergling x2  
  194  11:26  Hatchery  
  194  11:30  Zergling x16  
  178  11:33  Zergling x2  
  178  11:37  Zergling x2  
  178  11:38  Zergling x10  
  179  11:42  Overlord  
  179  11:52  Zerg Missile Weapons Level 2  
  179  11:56  Pneumatized Carapace  
  179  11:58  Lurker  
  179  11:59  Baneling x7  
  179  12:00  Seismic Spines  
  179  12:01  Lurker x6  
  181  12:02  Lurker  
  181  12:03  Zergling x4  
  181  12:04  Zergling x2  
  181  12:08  Baneling x8  
  190  12:11  Drone x3, Extractor  
  190  12:12  Drone, Extractor  
  190  12:14  Drone x2  
  194  12:17  Hatchery  
  194  12:22  Zergling x14  
  200  12:24  Hatchery  
  200  12:26  Zergling x2  
  192  12:46  Zergling x2  
  192  12:48  Adrenal Glands  
  192  12:49  Zergling x2  
  192  12:50  Zergling x22  
  189  12:53  Zergling x10  
  189  12:54  Zergling x2  
  176  13:00  Zergling x2  
  176  13:05  Baneling x11  
  164  13:06  Zergling x4  
  164  13:07  Zergling x14  
  164  13:08  Zergling x10  
  164  13:09  Zergling x8  
  164  13:11  Zergling x4  
  164  13:12  Zergling x2  
  180  13:14  Zergling x2  
  180  13:15  Zergling x2  
  180  13:19  Zergling x2  
  166  13:25  Lurker x4  
  166  13:26  Lurker x2  
  171  13:27  Zergling x2  
  171  13:28  Zergling x6  
  171  13:29  Zergling x6  
  176  13:38  Adaptive Talons  
  176  13:40  Drone  
  176  13:41  Drone x4  
  180  13:44  Zergling x6  
  180  13:45  Zergling x12  
  182  13:49  Baneling  
  182  13:51  Baneling  
  182  13:52  Baneling x6  
  182  13:57  Hydralisk x4  
  182  14:01  Zergling x8  
  194  14:05  Zergling x2  
  194  14:06  Zergling x6  
  194  14:09  Hydralisk  
  197  14:11  Zergling x4  
  197  14:17  Zergling x4  
  193  14:33  Overlord  
  193  14:39  Spore Crawler  
  193  14:40  Spore Crawler  
  193  14:43  Overlord  
  191  14:49  Spore Crawler, Baneling x5  
  191  14:50  Baneling x3  
Show
View Real Time Build Order
Export as new Build Order

Cure Terran 

Build Orders:  

Get SALT Encoding   

  12  0:00  SCV  
  13  0:12  SCV  
  14  0:17  Supply Depot  
  14  0:24  SCV  
  15  0:38  SCV  
  15  0:39  Barracks  
  16  0:42  Refinery  
  16  0:50  SCV  
  17  0:58  Barracks  
  17  1:03  SCV  
  18  1:15  SCV  
  19  1:26  Reaper  
  19  1:27  Orbital Command  
  20  1:34  Supply Depot  
  20  1:45  Reaper  
  21  1:52  SCV  
  22  2:03  Reaper  
  22  2:04  SCV  
  24  2:09  Command Center  
  24  2:16  Refinery  
  24  2:17  SCV  
  24  2:21  Reaper  
  26  2:30  SCV  
  27  2:41  Marine  
  27  2:42  SCV  
  29  2:49  Factory  
  29  2:54  SCV  
  30  2:59  Barracks Reactor  
  30  3:05  Command Center  
  30  3:07  SCV  
  31  3:20  SCV  
  31  3:23  Orbital Command  
  31  3:26  Barracks Tech Lab  
  32  3:33  SCV  
  33  3:38  Starport  
  33  3:44  Hellion x2  
  33  3:45  SCV  
  38  3:49  SCV  
  38  3:50  Marine  
  38  3:52  Barracks Reactor  
  40  3:57  SCV  
  40  4:01  SCV  
  42  4:05  Hellion x2  
  46  4:17  Liberator, SCV x2  
  46  4:18  Orbital Command  
  51  4:25  Supply Depot  
  51  4:26  Marine  
  51  4:28  Hellion  
  51  4:29  SCV, Hellion  
  57  4:32  Stimpack  
  57  4:35  SCV  
  58  4:41  SCV  
  58  4:43  Supply Depot  
  58  4:45  SCV  
  60  4:47  SCV  
  60  4:50  Marine x3  
  60  4:51  Hellion  
  68  4:52  Hellion  
  68  4:56  Supply Depot  
  68  5:00  SCV  
  68  5:05  SCV x2  
  71  5:08  Supply Depot  
  71  5:11  Orbital Command, Marine x3  
  74  5:16  SCV  
  74  5:17  SCV  
  74  5:18  Refinery  
  74  5:19  Refinery  
  74  5:20  Medivac x2  
  80  5:28  SCV  
  80  5:29  SCV  
  80  5:32  Marine x3  
  80  5:34  Factory Tech Lab  
  85  5:37  SCV, Engineering Bay  
  85  5:39  Engineering Bay  
  85  5:40  SCV  
  85  5:41  SCV  
  88  5:50  SCV, Marine x3  
  88  5:53  SCV  
  93  5:57  Supply Depot  
  93  5:59  Supply Depot  
  93  6:01  SCV  
  93  6:02  Siege Tank  
  97  6:06  Barracks  
  97  6:08  Marine x3  
  97  6:09  SCV  
  101  6:14  Terran Infantry Weapons Level 1  
  101  6:19  SCV x2  
  103  6:28  Barracks  
  103  6:29  Barracks  
  103  6:36  Marine x3  
  103  6:37  Siege Tank  
  103  6:38  Combat Shield  
  109  6:42  SCV  
  109  6:43  SCV  
  110  6:48  SCV  
  111  6:55  Armory, Supply Depot  
  111  6:56  Supply Depot  
  111  6:58  SCV x2  
  111  7:00  SCV, Barracks Reactor  
  114  7:02  Marine x3  
  117  7:18  SCV x3  
  117  7:20  Marine x3  
  108  7:30  SCV x3  
  108  7:31  Barracks, Barracks Reactor x2  
  108  7:32  Barracks  
  108  7:33  Barracks  
  107  7:41  Marine x5  
  107  7:42  Siege Tank  
  107  7:43  Medivac, SCV  
  113  7:47  Medivac  
  113  7:57  Supply Depot  
  113  7:58  Marine  
  113  7:59  Marine x3  
  113  8:00  Terran Infantry Armor Level 1, Supply Depot  
  117  8:07  Marine x2  
  117  8:08  Marine x3  
  117  8:12  SCV x3  
  121  8:16  Marine x3  
  121  8:17  Marine x2  
  113  8:20  Marine x2  
  113  8:25  Marine x4  
  113  8:26  Marine  
  115  8:33  SCV x3  
  114  8:34  Marine x3  
  114  8:35  Supply Depot, Marine x2  
  114  8:36  Terran Infantry Weapons Level 2  
  119  8:45  Marine x2  
  119  8:46  Marine x2  
  119  8:47  Marine x3  
  126  8:50  SCV x2  
  126  8:55  SCV  
  129  8:58  Supply Depot, Marine x4  
  133  9:03  Siege Tank  
  133  9:04  Marine  
  137  9:10  Marine x5  
  137  9:13  Supply Depot  
  137  9:15  Marine x2  
  144  9:19  Marine x4  
  144  9:23  Medivac  
  135  9:31  Marine x3  
  135  9:32  Marine  
  123  9:48  Marine x4  
  123  9:50  Siege Tank, Marine x4  
  123  9:51  Medivac, Marine x2  
  125  9:53  Medivac, Marine x2  
  129  10:01  Terran Infantry Armor Level 2  
  129  10:05  Marine  
  129  10:06  Marine x3  
  133  10:08  Marine x6  
  133  10:11  Marine x2  
  141  10:22  Siege Tank  
  141  10:23  Marine x2  
  141  10:24  Marine x2  
  141  10:26  Marine x6  
  141  10:28  Medivac x2  
  158  10:33  Supply Depot  
  158  10:34  Supply Depot  
  158  10:38  Supply Depot  
  156  10:50  Marine x6  
  156  10:51  Marine x3  
  156  10:54  Supply Depot  
  156  10:55  Marine x2  
  164  11:08  Marine x4  
  155  11:20  Marine x6  
  155  11:21  Marine x2  
  155  11:22  Siege Tank  
  160  11:26  Marine x4  
  153  11:38  Marine x8  
  153  11:39  Medivac  
  139  11:40  Medivac  
  139  11:43  Marine  
  139  11:44  Marine x3  
  143  11:52  Terran Infantry Weapons Level 3  
  143  11:56  Marine x8  
  151  12:01  Marine x3  
  151  12:02  Marine  
  155  12:10  Siege Tank  
  155  12:14  Medivac, Marine x8  
  155  12:15  Medivac  
  170  12:19  Marine x4  
  174  12:31  Marine x2  
  174  12:32  Marine x6  
  174  12:36  Orbital Command  
  179  12:37  Marine x4  
  181  12:49  Marine x5  
  181  12:50  Marine x3  
  181  12:55  Marine x4  
  150  13:07  Marine x8  
  158  13:12  Marine  
  158  13:13  Marine x3  
  138  13:25  Marine x8  
  138  13:30  Marine  
  138  13:31  Marine x3  
  120  13:37  Siege Tank, Medivac  
  125  13:43  Medivac, Marine x4  
  128  13:49  Marine x2  
  128  13:50  Marine x4  
  134  14:01  Marine x2  
  134  14:02  Marine x2  
  138  14:08  Marine x4  
  130  14:18  SCV x3  
  130  14:19  Marine x6  
  134  14:24  Marine x2  
  134  14:26  Marine  
  134  14:30  SCV  
  137  14:36  Marine x5  
  137  14:37  Marine  
  146  14:46  Marine x3  
Tags
 
Composition
Lurkers
Matchup
TvZ
Spawn Locations
Cross Positions
Add a new tag
Caveats
  • Supply blocks, unpowered buildings, or Contaminate may cause inaccurate times.
  • Supply counts are checked every 10 seconds.